 Dungeon Crawl Stone Soup version 0.24.1-4-ge52af88ad5 (webtiles) character file.

Game seed: 12699730152432056511, levelgen mode: deterministic

32 lepoulpe303 the Firebug (level 3, -32/19 HPs)
             Began as a Deep Elf Fire Elementalist on Apr 21, 2020.
             Killed from afar by a goblin (51 damage)
             ... with an exploding inner flame
             ... hexed by the player character
             ... on level 2 of the Dungeon.
             The game lasted 00:05:11 (888 turns).

lepoulpe303 the Firebug (Deep Elf Fire Elementalist) Turns: 888, Time: 00:05:12

Health: -32/19     AC:  5    Str:  5    XL:     3   Next: 10%
Magic:  5/10       EV: 13    Int: 20    God:
Gold:   65         SH:  0    Dex: 15    Spells: 0/9 levels left

rFire    . . .     SeeInvis .   n - +1 short sword (venom)
rCold    . . .     Gourm    .   (no shield)
rNeg     . . .     Faith    .   a - +0 robe
rPois    .         Spirit   .   (no helmet)
rElec    .         Reflect  .   (no cloak)
rCorr    .         Harm     .   (no gloves)
MR       .....                  h - +2 pair of boots
Stlth    ++........             (no amulet)
HPRegen  0.06/turn              (no ring)
MPRegen  0.12/turn              (no ring)

@: no status effects
A: no striking features
a: no special abilities


You were on level 2 of the Dungeon.
You were not hungry.

You visited 1 branch of the dungeon, and saw 2 of its levels.

You collected 65 gold pieces.

Inventory:

Hand Weapons
 n - a +1 short sword of venom (weapon)
Armour
 a - a +0 robe (worn)
 h - a +2 pair of boots (worn)
Jewellery
 d - a cursed ring of teleportation {unknown}
 o - an uncursed amulet of rage
Scrolls
 c - a scroll of noise {unknown}
 f - a scroll of enchant weapon {unknown}
 g - a scroll of remove curse {unknown}
 i - 2 scrolls of identify
 j - a scroll of amnesia {unknown}
 m - a scroll of blinking {unknown}
Potions
 k - a potion of might {unknown}
 l - a potion of heal wounds {unknown}
 p - 2 potions of cancellation {unknown}
Comestibles
 e - 3 rations


   Skills:
 + Level 2.7 Dodging
 + Level 2.9 Stealth
 + Level 3.6 Spellcasting
 + Level 1.5 Conjurations
 * Level 3.7 Fire Magic


You couldn't memorise any spells.
You knew the following spells:

 Your Spells              Type           Power        Failure   Level  Hunger
a - Flame Tongue          Conj/Fire      ##...        4%          1    None
b - Inner Flame           Hex/Fire       ##......     19%         3    ###....
c - Conjure Flame         Conj/Fire      ##......     14%         3    ###....
x - Throw Flame           Conj/Fire      ##....       7%          2    ##.....

Your spell library contained the following spells:

 Spells                   Type           Power        Failure   Level  Hunger
 Sticky Flame             Conj/Fire      ##......     41%         4    ####...
 Fireball                 Conj/Fire      ##........   77%         5    ######.


Dungeon Overview and Level Annotations

Branches:
Dungeon (2/15)

Altars:


Message History

MP restored: 10 You can't see any susceptible monsters within range! (Use Z to cast anyway.) Unknown command.
Aim: a goblin, wielding a +0 dagger (chance to defeat MR: 77%)
The goblin is filled with an inner flame.
You now have 7/10 mp.
You can't see any susceptible monsters within range! (Use Z to cast anyway.) Unknown command.
You can't see any susceptible monsters within range! (Use Z to cast anyway.)
Aim: a goblin, wielding a +0 dagger (inner flame)
The flame tongue misses the goblin.
The flame tongue hits the kobold.
You kill the kobold!
The goblin completely misses you.
You now have 6/10 mp.
Aim: a goblin, wielding a +0 dagger (inner flame)
The flame tongue hits the goblin!
The goblin explodes!
The fiery explosion engulfs you!!!
Ouch! That really hurt!
You die...

#.# #. #.# #.# # .#
#.# #.# #. .# #.# #.#
#.#. #.# #.# .$... #.#
#.# .#.#..###.# #.#
#K........##########.#
#†.(..)§§@.......#
##################


There were no monsters in sight!

Levels and vault maps discovered:
D:1:      kennysheep_arrival_forest, layout_basic
D:2:      layout_loops_ring, marbit_many_paths, minmay_large_rounded_square

Notes
Turn   | Place    | Note
-------+----------+-------------------------------------------
     0 | D:1      | lepoulpe303 the Deep Elf Fire Elementalist began the quest
                  | for the Orb.
     0 | D:1      | Reached XP level 1. HP: 10/10 MP: 6/6
    33 | D:1      | Identified a +0 club
    48 | D:1      | Identified a +0 short sword (You found it on level 1 of the
                  | Dungeon)
   107 | D:1      | Identified a +2 pair of boots (You found it on level 1 of
                  | the Dungeon)
   279 | D:1      | Identified a +1 short sword of venom
   300 | D:1      | Reached XP level 2. HP: 15/15 MP: 1/8
   438 | D:1      | Identified a +0 club
   466 | D:1      | Identified 2 scrolls of identify
   466 | D:1      | Identified an amulet of rage (You found it on level 1 of
                  | the Dungeon)
   842 | D:2      | Reached XP level 3. HP: 19/19 MP: 8/10
   846 | D:2      | Learned a level 2 spell: Throw Flame
   850 | D:2      | Learned a level 3 spell: Conjure Flame
   854 | D:2      | Learned a level 3 spell: Inner Flame
   876 | D:2      | Identified a +0 dagger
   876 | D:2      | Identified a +0 dagger
   888 | D:2      | Killed from afar by a goblin

Table legend:
 A = Turns spent in this place as a percentage of turns spent in the entire game.
 B = Non-inter-level travel turns spent in this place as a percentage of non-inter-level travel turns spent in the entire game.
 C = Inter-level travel turns spent in this place as a percentage of turns spent in this place.
 D = Turns resting spent in this place as a percentage of non-inter-level travel turns spent in this place.
 E = Turns spent auto-exploring this place as a percentage of non-inter-level travel turns spent in this place.
 F = Non-inter-level travel turns spent in this place divided by the number of levels of this place that you've seen.
                   A       B       C       D       E      F
               +-------+-------+-------+-------+-------+----------------------
         Total | 100.0 | 100.0 |   3.7 |   0.9 |  77.5 | 427.5
       Dungeon | 100.0 | 100.0 |   3.7 |   0.9 |  77.5 | 427.5
               +-------+-------+-------+-------+-------+----------------------

Table legend:
 A = Kills in this place as a percentage of kills in entire the game.
 B = Kills by you in this place as a percentage of kills by you in the entire game.
 C = Kills by friends in this place as a percentage of kills by friends in the entire game.
 D = Other kills in this place as a percentage of other kills in the entire game.
 E = Experience gained in this place as a percentage of experience gained in the entire game.
 F = Experience gained in this place divided by the number of levels of this place that you have seen.
                   A       B       C       D       E      F
               +-------+-------+-------+-------+-------+----------------------
         Total | 100.0 | 100.0 |   N/A |   N/A | 100.0 |  23.5
       Dungeon | 100.0 | 100.0 |   N/A |   N/A | 100.0 |  23.5
               +-------+-------+-------+-------+-------+----------------------

Action                   || total
-------------------------++-------
Melee: Short sword       ||    12
 Cast: Flame Tongue      ||    25
       Inner Flame       ||     1
  Use: Scroll            ||     1
 Stab: Sleeping          ||     1
Armor: Robe              ||     4
Dodge: Dodged            ||    20

Vanquished Creatures
  An adder (D:2)
  2 leopard geckos (D:1)
  3 goblins (D:1)
  3 hobgoblins (D:1)
  5 bats (D:1)
  4 frilled lizards
  2 kobolds
  A rat (D:1)
21 creatures vanquished.
